 Dungeon Crawl Stone Soup version 0.29-a0-304-gb34f9e133a (webtiles) character file.

Game seed: 5417845879939594720

43 BlueGoblin the Skirmisher (level 3, -1/29 HPs)
             Began as a Demonspawn Monk on Mar 26, 2022.
             Slain by an iguana (11 damage)
             ... on level 4 of the Dungeon.
             The game lasted 00:01:35 (1336 turns).

BlueGoblin the Skirmisher (Demonspawn Monk)         Turns: 1336, Time: 00:01:36

Health: -1/29      AC:  2    Str: 11    XL:     3   Next: 37%
Magic:  3/3        EV: 13    Int: 11    God:
Gold:   42         SH:  0    Dex: 17    Spells: 2/2 levels left

rFire   . . .      SeeInvis .   a - +0 falchion
rCold   . . .      Faith    .   (no shield)
rNeg    . . .      Spirit   .   b - +0 robe
rPois   .          Reflect  .   (no helmet)
rElec   .          Harm     .   (no cloak)
rCorr   .          Rampage  .   (no gloves)
Will    .....                   (no boots)
Stlth   +.........              (no amulet)
HPRegen 0.09/turn               (no ring)
MPRegen 0.08/turn               (no ring)

@: confused, ambrosia-drunk
A: powered by death 2
a: no special abilities


You were on level 4 of the Dungeon.
You visited 1 branch of the dungeon, and saw 3 of its levels.

You collected 42 gold pieces.

Inventory:

Hand Weapons
 a - a +0 falchion (weapon)
Armour
 b - a +0 robe (worn)
Jewellery
 f - an amulet of regeneration
 j - a ring of ice
Scrolls
 i - a scroll of fog {unknown}
Potions
 d - a potion of might {unknown}
 e - 2 potions of curing {unknown}
 g - 2 potions of heal wounds {unknown}
 h - a potion of brilliance {unknown}


   Skills:
 + Level 3.4 Fighting
 + Level 3.3 Long Blades
 + Level 3.2 Dodging
 - Level 1.7 Stealth


You had 2 spell levels left.
You didn't know any spells.
Your spell library was empty.

Dungeon Overview and Level Annotations

Branches:
Dungeon (2/15)

Altars:


Innate Abilities, Weirdness & Mutations

You regenerate health from kills.


Message History

You miss the adder.
You feel sick. The adder bites you.
You slash the adder!
The adder is severely wounded.
You feel sick. The adder barely misses you.
You slash the adder!
You kill the adder!
You feel sick.
No target in view!
No target in view!
No target in view!
You start resting.
You feel sick. x4
You are no longer poisoned.
You start resting.
HP restored.
You see here an adder corpse.
An iguana comes into view.
An iguana is nearby!
An iguana is nearby!
The helpless iguana fails to defend itself.
You hit the iguana.
The iguana is moderately wounded.
The iguana bites you.
You hit the iguana.
The iguana is severely wounded.
The iguana bites you!
You are too injured to fight recklessly!
You are too injured to fight recklessly!
You are too injured to fight recklessly!
You are too injured to fight recklessly!
You are too injured to fight recklessly!
You closely miss the iguana.
The iguana is severely wounded.
The iguana bites you!
* * * LOW HITPOINT WARNING * * *
You hit the iguana but do no damage.
The iguana is heavily wounded.
The iguana completely misses you. The iguana barely misses you.
You are confused.
You feel invigorated. The iguana bites you!
You die...

#..........#
#..........#
#..........#
#..........#
#.....†....#
##..........#
........#########
#..#............#
............@...#
#............l..#
#...#+###########
.... ... ..


You could see an iguana.

Vanquished Creatures
  An adder (D:4)
  A worm (D:2)
  A dart slug (D:2)
  3 endoplasms
  4 giant cockroaches
  4 goblins (D:1)
  A hobgoblin (D:1)
  3 jackals (D:1)
  A quokka (D:1)
  2 ball pythons (D:1)
  2 bats (D:1)
  A frilled lizard (D:1)
  2 kobolds (D:1)
  A rat (D:2)
27 creatures vanquished.

Notes
Turn   | Place    | Note
-------+----------+-------------------------------------------
     0 | D:1      | BlueGoblin the Demonspawn Monk began the quest for the Orb.
     0 | D:1      | Reached XP level 1. HP: 18/18 MP: 1/1
   255 | D:1      | Gained mutation: You regenerate a little health from kills.
                  | [demonic ancestry]
   255 | D:1      | Reached XP level 2. HP: 19/24 MP: 2/2
   929 | D:2      | Found a faded altar of an unknown god.
   997 | D:2      | Gained mutation: You regenerate health from kills. [demonic
                  | ancestry]
   997 | D:2      | Reached XP level 3. HP: 29/29 MP: 3/3
  1245 | D:2      | You fall into a shaft and drop 2 floors!
  1336 | D:4      | Slain by an iguana

Illustrated notes

Levels and vault maps discovered:
D:1:      scummos_arrival_simple_crosswalls, layout_rooms
D:2:      layout_rooms, basic_ecumenical_altar, grunt_ministairs_1
D:4:      layout_basic, fedhas_altar_3, uniq_blork_the_orc, uniq_pargi

Skill      XL: |  1  2 |
---------------+-------+-----
Long Blades    | 3 |  3.3
Dodging        | 3 |  3.2
Fighting       | |  3.4
Stealth        | |  1.7

Action                   || total
-------------------------++-------
Melee: Falchion          ||    92
  Use: Potion            ||     1
 Stab: Sleeping          ||     5
Armor: Robe              ||    16
Dodge: Dodged            ||    70

Table legend: (Time is in decaauts)
 A = Elapsed time spent in this place.
 B = Non-inter-level travel time spent in this place.
 C = Inter-level travel time spent in this place.
 D = Time resting spent in this place.
 E = Time spent auto-exploring this place.
 F = Levels seen in this place.
 G = Mean time per level.
                   A        B        C        D        E       F      G
               +--------+--------+--------+--------+--------+-----+--------+
         Total |   1349 |   1321 |     28 |     88 |    995 |   3 |  449.7 |
       Dungeon |   1349 |   1321 |     28 |     88 |    995 |   3 |  449.7 |
               +--------+--------+--------+--------+--------+-----+--------+

Top non-repeatable levels by time:
     D:1: 928 daAuts
     D:2: 329 daAuts
     D:4: 91 daAuts
